 Dungeon Crawl Stone Soup version 0.27-a0-808-g60bc5d92e6 (webtiles) character file.

Game seed: 15321848419214721489

2818 polve the Carver (level 9, -1/68 HPs)
             Began as a Demonspawn Abyssal Knight on Mar 28, 2021.
             Was an Elder of Lugonu.
             Slain by an orc warrior
             ... wielding a +0 dire flail
              (11 damage)
             ... in a bailey.
             The game lasted 00:10:29 (7458 turns).

polve the Carver (Demonspawn Abyssal Knight)        Turns: 7458, Time: 00:10:30

Health: -1/68      AC:  9    Str: 12    XL:     9   Next: 45%
Magic:  15/15      EV: 10    Int: 16    God:    Lugonu [****..]
Gold:   402        SH:  0    Dex: 20    Spells: 8/8 levels left

rFire    . . .     SeeInvis .   g - +1 great sword (freeze)
rCold    . . .     Faith    .   (shield currently unavailable)
rNeg     . . .     Spirit   .   e - +0 swamp dragon scales
rPois    +         Reflect  .   (no helmet)
rElec    .         Harm     .   l - +0 cloak
rCorr    +         Rampage  .   (no gloves)
Will     .....                  (no boots)
Stlth    +.........             u - amulet of the acrobat
HPRegen  0.21/turn              r - +6 ring of dexterity
MPRegen  0.14/turn              m - ring of resist corrosion

@: no status effects
A: claws 1, demonic guardian 2, spiny 1
a: Renounce Religion, Depart the Abyss, Bend Space, Banish, Corrupt


You were in a bailey.
You worshipped Lugonu.
Lugonu was greatly pleased with you.
You visited 1 branch of the dungeon, and saw 8 of its levels.
You visited the Abyss 1 time.
You also visited: Bailey.

You collected 402 gold pieces.

Inventory:

Hand Weapons
 g - a +1 great sword of freezing (weapon)
Armour
 e - +0 swamp dragon scales (worn)
 h - a +0 pair of gloves
 l - a +0 cloak (worn)
Jewellery
 m - a ring of resist corrosion (right claw)
 p - a ring of flight
 r - a +6 ring of dexterity (left claw)
 u - an amulet of the acrobat (around neck)
Wands
 a - a wand of charming (6)
 b - a wand of flame (14)
 t - a wand of paralysis (6)
 w - a wand of mindburst (16)
Scrolls
 c - 2 scrolls of amnesia
 d - 4 scrolls of identify {unknown}
 i - 2 scrolls of enchant weapon {unknown}
 o - a scroll of blinking {unknown}
 q - 4 scrolls of teleportation {unknown}
 s - 2 scrolls of fear
 v - a scroll of torment {unknown}
Potions
 f - 4 potions of mutation {unknown}
 j - 6 potions of curing
 k - 6 potions of heal wounds {unknown}
 n - 4 potions of resistance {unknown}
 x - a potion of attraction {unknown}
 z - a potion of flight {unknown}
 A - a potion of invisibility {unknown}


   Skills:
 + Level 5.2 Fighting
 * Level 9.5 Long Blades
 - Level 4.0 Armour
 - Level 0.8 Dodging
 - Level 8.0 Invocations


You had 8 spell levels left.
You didn't know any spells.
Your spell library contained the following spells:

 Spells                   Type           Power      Damage    Failure   Level
 Corona                   Hex            0%         N/A       47%         1
 Ensorcelled Hibernation  Hex/Ice        0%         N/A       63%         2
 Slow                     Hex            0%         N/A       63%         2
 Confusing Touch          Hex            0%         N/A       85%         3
 Dazzling Flash           Conj/Hex       0%         N/A       85%         3
 Inner Flame              Hex/Fire       0%         N/A       85%         3
 Portal Projectile        Hex/Tloc       0%         N/A       85%         3
 Tukima's Dance           Hex            0%         N/A       85%         3
 Cause Fear               Hex            0%         N/A       99%         4
 Leda's Liquefaction      Hex/Erth       0%         N/A       99%         4


Dungeon Overview and Level Annotations

Branches:
Dungeon (8/15)             Temple (0/1) D:6          Bailey (1/1)
   Lair: D:8-11

Altars:
Ashenzari
Cheibriados

Shops:
D:1 **   D:3 !=?[   D:5 [(*=

Annotations:
D:6 2 transporters, PeterMcNeter's ghost, novice VSFi


Innate Abilities, Weirdness & Mutations

You have sharp fingernails.
A demonic guardian rushes to your aid.
You are partially covered in sharp spines.


Message History

You hit the gnoll. You freeze the gnoll.
You kill the gnoll!
Lugonu accepts your kill. The gnoll misses you. The gnoll misses you.
You riposte.
You slice the gnoll!! You freeze the gnoll.
You kill the gnoll!
Lugonu accepts your kill.
There is an open door here.
Things that are here:
a +0 halberd; a gnoll corpse You slash the orc warrior!
You freeze the orc warrior.
The orc warrior is moderately wounded.
The gnoll drinks a potion.
The gnoll seems to grow stronger.
The orc warrior is struck by your spines.
The orc warrior barely misses you.
You riposte.
You hit the orc warrior but do no damage.
The orc warrior is heavily wounded.
The gnoll hits you from afar with a +1 halberd of electrocution!
You are electrocuted!
You are too injured to fight recklessly!
You are too injured to fight recklessly!
You are too injured to fight recklessly!
You are too injured to fight recklessly!
You are too injured to fight recklessly!
You are too injured to fight recklessly!
You are too injured to fight recklessly!
You are too injured to fight recklessly!
You are too injured to fight recklessly!
You hit the orc warrior but do no damage.
The orc warrior is heavily wounded.
The orc warrior is struck by your spines.
The orc warrior barely misses you.
The gnoll hits you from afar with a +1 halberd of electrocution!
You barely miss the orc warrior.
The orc warrior is severely wounded.
The orc warrior hits you with a +0 dire flail!
* * * LOW HITPOINT WARNING * * *
A demonic guardian appears!
The orc warrior hits you with a +0 dire flail!
You die...

#(###.# #.#g#
.# #.
##'##'##'#
#g##'##'#
##.((..#
.....#
###.(...###
.....##
#.'..(..'.#
..⌠..'.
###.....###
g....#
#....(##
##gg...#
#'##'##'###o#
#.#
#.###4)@## ##
### #####


You could see an orc warrior (ally target), 2 gnolls, a hobgoblin and a friendly
orange demon (summoned).

Vanquished Creatures
  Menkaure (D:6)
  A black bear (D:5)
  2 necrophages
  3 ogres
  3 centaurs
  A phantom (D:2)
  Blork the orc (D:6)
  A bullfrog (D:7)
  2 water moccasin zombies (D:6)
  A wyvern skeleton (D:7)
  3 scorpions
  7 wights
  A centaur zombie (D:8)
  A bullfrog zombie (D:6)
  3 hounds (D:6)
  2 jellies
  2 orc priests (D:5)
  A gnoll shaman (D:7)
  2 bullfrog skeletons (D:5)
  Natasha (twice) (D:3)
  3 iguanas (D:5)
  3 orc wizards
  A hound skeleton (D:4)
  16 gnolls
  7 adders
  An adder skeleton (D:5)
  2 worms (D:2)
  A dart slug (D:1)
  13 orcs
  8 ball pythons
  7 endoplasms
  3 giant cockroaches
  18 hobgoblins
  8 jackals
  14 kobolds
  2 quokkas (D:4)
  3 bats
  3 frilled lizards
  6 goblins
  A quokka skeleton (D:4)
  5 rats
165 creatures vanquished.

Vanquished Creatures (collateral kills)
  Grinder (D:6)
  An ice beast (D:6)
  A wight (D:6)
  Terence (D:2)
4 creatures vanquished.

Grand Total: 169 creatures vanquished

Notes
Turn   | Place    | Note
-------+----------+-------------------------------------------
     0 | Abyss:1  | polve the Demonspawn Abyssal Knight began the quest for the
                  | Orb.
     0 | Abyss:1  | Reached XP level 1. HP: 18/18 MP: 2/2
    72 | Abyss:1  | Noticed a small abomination
    75 | Abyss:1  | Noticed a neqoxec
   125 | D:1      | Escaped the Abyss
   371 | D:1      | Reached * piety under Lugonu
   414 | D:1      | Found Pihulobb's Assorted Antiques.
   419 | D:1      | Reached skill level 2 in Long Blades
   499 | D:1      | Gained mutation: You are partially covered in sharp spines.
                  | [demonic ancestry]
   499 | D:1      | Reached XP level 2. HP: 20/24 MP: 3/3
   865 | D:1      | Found a snail-covered altar of Cheibriados.
   927 | D:1      | Found Plog's General Store.
  1049 | D:1      | Gained mutation: A weak demonic guardian rushes to your
                  | aid. [demonic ancestry]
  1049 | D:1      | Reached XP level 3. HP: 29/29 MP: 4/4
  1262 | D:2      | Noticed Terence
  1407 | D:2      | Killed Terence
  1408 | D:2      | Reached skill level 3 in Long Blades
  1550 | D:2      | Reached XP level 4. HP: 31/35 MP: 5/5
  1800 | D:2      | Found a broken altar of Ashenzari.
  1907 | D:2      | Noticed a phantom
  1946 | D:2      | Killed a phantom
  1947 | D:2      | Reached skill level 4 in Long Blades
  1947 | D:2      | Reached XP level 5. HP: 17/41 MP: 6/6
  2586 | D:3      | Found Qushor's Antique Armour Shop.
  2657 | D:3      | Found Sethyoc's Jewellery Emporium.
  2971 | D:3      | Noticed Natasha
  2981 | D:3      | Killed Natasha
  3065 | D:3      | Found Qyeh's Distillery.
  3090 | D:3      | Found Liduad's Magic Scroll Emporium.
  3160 | D:3      | Noticed Natasha
  3169 | D:3      | Killed Natasha
  3170 | D:3      | Reached XP level 6. HP: 35/47 MP: 7/7
  3340 | D:4      | Reached ** piety under Lugonu
  3346 | D:4      | Reached skill level 5 in Long Blades
  3470 | D:4      | Reached XP level 7. HP: 35/52 MP: 7/9
  3943 | D:5      | Entered Level 5 of the Dungeon
  3990 | D:5      | Reached skill level 6 in Long Blades
  4205 | D:5      | Reached skill level 5 in Invocations
  4259 | D:5      | Found Bihohi's Antique Weapon Shop.
  4621 | D:5      | Found Semum's Antique Armour Shop.
  4736 | D:5      | Gained mutation: A demonic guardian rushes to your aid.
                  | [demonic ancestry]
  4736 | D:5      | Reached XP level 8. HP: 58/58 MP: 12/12
  4745 | D:5      | Identified the +5 war axe of the Disturbing Tales {elec,
                  | *Noise rElec rN+ Dex+3}
  4885 | D:5      | Reached skill level 7 in Long Blades
  5046 | D:5      | Found Kolatode's Assorted Antiques.
  5058 | D:5      | Found Hinot's Jewellery Shop.
  5160 | D:6      | Noticed Blork the orc
  5166 | D:6      | Killed Blork the orc
  5250 | D:6      | Noticed Grinder
  5260 | D:6      | Killed Grinder
  5435 | D:6      | Reached *** piety under Lugonu
  5683 | D:6      | Found a transporter.
  5688 | D:6      | Found a transporter.
  5688 | D:6      | Noticed PeterMcNeter's ghost (novice VSFi)
  5688 | D:6      | Noticed a queen bee
  5711 | D:6      | Noticed Menkaure
  5720 | D:6      | Reached skill level 8 in Long Blades
  5722 | D:6      | Killed Menkaure
  5940 | D:6      | Found a staircase to the Ecumenical Temple.
  6149 | D:7      | Gained mutation: You have sharp fingernails. [demonic
                  | ancestry]
  6149 | D:7      | Reached XP level 9. HP: 65/65 MP: 15/15
  6577 | D:7      | Reached skill level 9 in Long Blades
  7151 | D:8      | Found a flagged portal.
  7209 | D:8      | Reached skill level 5 in Fighting
  7216 | Bailey   | Entered a bailey
  7426 | Bailey   | Reached **** piety under Lugonu
  7458 | Bailey   | Slain by an orc warrior

Illustrated notes

Levels and vault maps discovered:
D:1:      evilmike_arrival_hilbert_curve, layout_loops_ring, serial_shops, shop,
          nicolae_shop_overgrown_old_shop, cheibriados_altar_1
D:2:      layout_rooms, lemuel_doored_altar, uniq_terence
D:3:      layout_loops_ring, serial_shops, nicolae_shop_stone,
          nicolae_shop_stone, shop, shop, uniq_natasha
D:4:      layout_rooms, minmay_misc_feat_tower, kennysheep_generic_room_10
D:5:      layout_gridville, serial_shops, nicolae_shop_behind_doors,
          shop_statue, kennysheep_mini, shop
D:6:      layout_cave_pools, minmay_temple_entry_ruins, gammafunk_ghost_hive,
          uniq_blork_the_orc, uniq_menkaure, uniq_grinder
D:7:      layout_loops_ring, minivault_27
D:8:      layout_layer_cave, grunt_lair_entry_orc_guard_hut, enter_bailey_6,
          roderic_serpentine_path
Bailey:   bailey_axe_2, bailey

Skill      XL: |  1  2  3  4  5  6  7  8  9 |
---------------+----------------------------+-----
Long Blades    | 2 3 4 5 6 8 9 |  9.5
Armour         | 2 3 4 |  4.0
Invocations    | 3 6 8 |  8.0
Fighting       | 4 5 |  5.2
Dodging        | |  0.8

Action                   |  1- 3 |  4- 6 |  7- 9 || total
-------------------------+-------+-------+-------++-------
Melee: Falchion          |    70 |   142 |   119 ||   331
       Great sword       |       |       |   120 ||   120
Invok: Depart the Abyss  |     1 |       |       ||     1
  Use: Scroll            |       |     1 |     1 ||     2
       Potion            |       |       |     2 ||     2
 Stab: Distracted        |       |       |     1 ||     1
       Sleeping          |       |       |     1 ||     1
Armor: Swamp dragon scal |    33 |    65 |   102 ||   200
Dodge: Dodged            |    35 |    59 |   159 ||   253
       Rpst.: Falchion   |    13 |    21 |    13 ||    47
       Great sword       |       |       |    31 ||    31

Table legend: (Time is in decaauts)
 A = Elapsed time spent in this place.
 B = Non-inter-level travel time spent in this place.
 C = Inter-level travel time spent in this place.
 D = Time resting spent in this place.
 E = Time spent auto-exploring this place.
 F = Levels seen in this place.
 G = Mean time per level.
                   A        B        C        D        E       F      G
               +--------+--------+--------+--------+--------+-----+--------+
         Total |   7492 |   7343 |    149 |      4 |   6269 |  11 |  681.1 |
       Dungeon |   7116 |   6967 |    149 |      0 |   6012 |   8 |  889.5 |
         Abyss |    124 |    124 |      0 |      0 |    106 |   2 |   62.0 |
        Bailey |    250 |    250 |      0 |      4 |    151 |   1 |  250.0 |
               +--------+--------+--------+--------+--------+-----+--------+

Top non-repeatable levels by time:
     D:5: 1318 daAuts
     D:1: 1271 daAuts
     D:3: 1020 daAuts
     D:7: 1012 daAuts
     D:2: 922 daAuts
     D:6: 872 daAuts
     D:4: 627 daAuts
  Bailey: 250 daAuts
 Abyss:1: 83 daAuts
     D:8: 72 daAuts
 Abyss:2: 41 daAuts
